 Dungeon Crawl Stone Soup version 0.29-a0-1027-gcd8c55af63 (webtiles) character file.

Game seed: 10410616528264362161

45 Armakuni the Twirler (level 3, -10/29 HPs)
             Began as a Human Monk on Aug 13, 2022.
             Killed from afar by an orc wizard (13 damage)
             ... with a puff of flame
             ... on level 3 of the Dungeon.
             The game lasted 00:04:41 (1598 turns).

Armakuni the Twirler (Human Monk)                   Turns: 1598, Time: 00:04:42

Health: -10/29     AC:  4    Str:  8 (11) XL:     3   Next: 90%
Magic:  3/3        EV: 12    Int:  9 (12) God:
Gold:   35         SH:  0    Dex: 12 (15) Spells: 2/2 levels left

rFire   . . .      SeeInvis .   a - +1 mace
rCold   . . .      Faith    .   (no shield)
rNeg    . . .      Spirit   .   b - +0 robe
rPois   .          Reflect  .   (no helmet)
rElec   .          Harm     .   e - +1 cloak
rCorr   .          Rampage  .   (no gloves)
Will    .....                   (no boots)
Stlth   ++........              R - amulet of regeneration
HPRegen 0.89/turn               (no ring)
MPRegen 0.08/turn               (no ring)

@: no status effects
A: no striking features
a: no special abilities


You were on level 3 of the Dungeon.
You visited 1 branch of the dungeon, and saw 3 of its levels.

You collected 35 gold pieces.

Inventory:

Hand Weapons
 a - a +1 mace (weapon)
Missiles
 g - a javelin (quivered)
Armour
 b - a +0 robe (worn)
 e - a +1 cloak (worn)
 l - a +0 leather armour
 o - a +0 scale mail
Jewellery
 R - an amulet of regeneration (around neck)
Scrolls
 j - a scroll of enchant armour
 k - a scroll of butterflies
 n - a scroll of summoning
Potions
 c - a potion of ambrosia
 i - a potion of might {unknown}
 m - 2 potions of flight


   Skills:
 - Level 3.0 Fighting
 - Level 3.0(3.6) Maces & Flails
 + Level 3.1(3.7) Staves
 - Level 3.0 Dodging
 - Level 2.0 Stealth


You had 2 spell levels left.
You didn't know any spells.
Your spell library contained the following spells:

 Spells                   Type           Power      Damage    Failure   Level
 Foxfire                  Conj/Fire      0%         2x1d4     38%         1
 Static Discharge         Conj/Air       0%         3-3/arc   52%         2
 Conjure Flame            Conj/Fire      0%         6-21      77%         3
 Dazzling Flash           Conj/Hex       0%         N/A       77%         3
 Inner Flame              Hex/Fire       0%         N/A       77%         3
 Dispel Undead            Necr           0%         3d6       99%         4
 Flame Wave               Conj/Fire      0%         2d4       99%         4
 Iskenderun's Mystic Bla  Conj/Tloc      0%         2d3       99%         4
 Sticky Flame             Conj/Fire      0%         2d3       99%         4
 Starburst                Conj/Fire      0%         6d3       100%        6


Dungeon Overview and Level Annotations

Branches:
Dungeon (3/15)

Altars:


Message History

You closely miss something.
You hear some strange, mumbled words.
Something tries to affect you, but you resist.
You hit the orc but do no damage. The orc closely misses you.
You sock the orc!
You kill the orc!
A magic dart appears from out of thin air!
The magic dart hits you.
You hear some strange, mumbled words.
A magic dart appears from out of thin air!
The magic dart hits you!
Things that are here:
a +0 falchion; a +0 leather armour You closely miss something.
You hear some strange, mumbled words.
You are confused.
You closely miss something. Something hits you.
You bump into the rock wall.
Something hits you but does no damage.
You closely miss something. Something hits you. x2
You hit something but do no damage. Something hits you.
* * * LOW HITPOINT WARNING * * *
You closely miss something. Something hits you.
* * * LOW HITPOINT WARNING * * *
It was a potion of cancellation.
Your magical effects are unravelling.
You feel magically purged.
You feel less confused.
You feel a little less clever now. Something hits you but does no damage.
You closely miss something.
You hear some strange, mumbled words.
A puff of flame appears from out of thin air!
The puff of flame hits you!
* * * LOW HITPOINT WARNING * * *
It was a potion of degeneration.
There was something very wrong with that liquid.
You feel weakened.
You feel dopey.
You feel clumsy.
You hear some strange, mumbled words.
A puff of flame appears from out of thin air!
The puff of flame hits you!
You die...

#.# o #.# #.## #.#
#(..# #.##.#.#
#.#$... #.#..#
#.#o# ######.#{#
#...>..#@#
#########........#
#.^.......######.#
#.#######.# #.#
#.### #.# #.#
....# #)# ..[
.(#.#####.####.#.#
###......>........
#######.####.#.#


You could see an orc.

Vanquished Creatures
  A dart slug (D:2)
  An orc (D:3)
  5 ball pythons
  5 endoplasms
  A giant cockroach (D:1)
  5 goblins
  A hobgoblin (D:2)
  A quokka (D:1)
  6 bats
  A frilled lizard (D:2)
  4 kobolds
  3 rats
34 creatures vanquished.

Vanquished Creatures (collateral kills)
  An endoplasm (D:1)
  2 kobolds (D:1)
3 creatures vanquished.

Grand Total: 37 creatures vanquished

Notes
Turn   | Place    | Note
-------+----------+-------------------------------------------
     0 | D:1      | Armakuni the Human Monk began the quest for the Orb.
     0 | D:1      | Reached XP level 1. HP: 18/18 MP: 1/1
   137 | D:1      | Reached skill level 1 in Staves
   253 | D:1      | Reached XP level 2. HP: 24/24 MP: 2/2
   844 | D:1      | Found a faded altar of an unknown god.
   922 | D:2      | Reached XP level 3. HP: 29/29 MP: 3/3
  1598 | D:3      | Killed from afar by an orc wizard

Illustrated notes

Levels and vault maps discovered:
D:1:      dpeg_arrival_round_b, layout_basic, dilly_ecumenical_altar_fadedgnrine
D:2:      layout_loops_ring, dk_vineyard_2
D:3:      layout_loops_ring, uniq_robin

Skill      XL: |  1  2  3 |
---------------+----------+-----
Staves         | 1 2 3 |  3.1
Fighting       | |  3.0
Maces & Flails | |  3.0
Dodging        | |  3.0
Stealth        | |  2.0

Action                   || total
-------------------------++-------
Melee: Mace              ||    88
       Punch             ||     1
Throw: Javelin           ||     2
  Use: Scroll            ||     6
       Potion            ||     3
 Stab: Sleeping          ||     9
Armor: Robe              ||    26
Dodge: Dodged            ||    53

Table legend: (Time is in decaauts)
 A = Elapsed time spent in this place.
 B = Non-inter-level travel time spent in this place.
 C = Inter-level travel time spent in this place.
 D = Time resting spent in this place.
 E = Time spent auto-exploring this place.
 F = Levels seen in this place.
 G = Mean time per level.
                   A        B        C        D        E       F      G
               +--------+--------+--------+--------+--------+-----+--------+
         Total |   1618 |   1601 |     17 |    100 |    818 |   3 |  539.3 |
       Dungeon |   1618 |   1601 |     17 |    100 |    818 |   3 |  539.3 |
               +--------+--------+--------+--------+--------+-----+--------+

Top non-repeatable levels by time:
     D:1: 895 daAuts
     D:2: 636 daAuts
     D:3: 86 daAuts
